 Dungeon Crawl Stone Soup version 0.27-a0-1137-g3ef0f4ec91 (webtiles) character file.

Game seed: 8885574993101754859

704 HoaS the Cruncher (level 7, -4/40 HPs)
             Began as a Gargoyle Gladiator on May 5, 2021.
             Slain by Duvessa
             ... wielding a +0 rapier of venom
              (10 damage)
             ... on level 4 of the Dungeon on May 6, 2021.
             The game lasted 00:12:28 (3430 turns).

HoaS the Cruncher (Gargoyle Gladiator)              Turns: 3430, Time: 00:12:28

Health: -4/40      AC: 11    Str: 20    XL:     7   Next: 67%
Magic:  7/7        EV: 12    Int:  8    God:
Gold:   238        SH:  0    Dex: 11    Spells: 6/6 levels left

rFire    . . .     SeeInvis .   a - +0 quarterstaff (flame)
rCold    . . .     Faith    .   (shield currently unavailable)
rNeg     + . .     Spirit   .   l - +0 troll leather armour {Purgy}
rPois    ∞         Reflect  .   j - +1 helmet
rElec    +         Harm     .   (no cloak)
rCorr    +         Rampage  .   q - +0 pair of gloves
Will     .....                  (no boots)
Stlth    +.........             (no amulet)
HPRegen  1.13/turn              c - ring of resist corrosion
MPRegen  0.10/turn              (no ring)

@: very slightly contaminated, invisible
A: sickness immunity, AC +4, negative energy resistance 1, electricity
resistance, torment resistance 1, unbreathing 1, petrification resistance
a: no special abilities


You were on level 4 of the Dungeon.
You visited 1 branch of the dungeon, and saw 4 of its levels.
You also visited: Sewer.

You collected 238 gold pieces.

Inventory:

Hand Weapons
 a - a +0 quarterstaff of flaming (weapon)
Missiles
 e - 74 bolts
 f - 10 boomerangs
 h - 62 arrows
 p - 14 poisoned darts
 r - a throwing net
Armour
 j - a +1 helmet (worn)
 l - a +0 troll leather armour (worn) {Purgy}
 q - a +0 pair of gloves (worn)
Jewellery
 c - a ring of resist corrosion (left hand)
Wands
 b - a wand of flame (13)
 i - a wand of acid (8) (quivered)
Scrolls
 n - 2 scrolls of teleportation
 o - a scroll of magic mapping
Potions
 d - a potion of attraction {unknown}
 g - 2 potions of mutation
 m - 2 potions of ambrosia {unknown}


   Skills:
 - Level 2.1 Fighting
 + Level 8.8 Staves
 - Level 1.7 Throwing
 - Level 2.4 Dodging


You had 6 spell levels left.
You didn't know any spells.
Your spell library was empty.

Dungeon Overview and Level Annotations

Branches:
Dungeon (4/15)              Sewer (visited)
 Temple: D:4-7

Altars:
Dithmenos
Elyvilon
Gozag
Kikubaaqudgha
Qazlal
Trog
Xom
Yredelemnul

Shops:
D:3 (

Annotations:
D:4 Dowan, Duvessa


Innate Abilities, Weirdness & Mutations

You are immune to sickness and miasma.
Your stone body is resilient. (AC +4)
You are immune to poison.
You resist negative energy. (rN+)
You are resistant to electric shocks. (rElec)
You are resistant to unholy torment.
You can survive without breathing.
You are immune to petrification.


Message History

Duvessa hits you with a +0 rapier of venom!
You are too injured to fight recklessly!
You fade into invisibility!
Duvessa hits you with a +0 rapier of venom.
You are very lightly contaminated with residual magic.
You hit Duvessa. You burn Duvessa.
Duvessa is lightly wounded.
Duvessa closely misses you. Dowan gestures at you while chanting.
You resist with some effort.
You sock Duvessa! You burn Duvessa.
Duvessa is heavily wounded.
Duvessa hits you with a +0 rapier of venom.
Duvessa barely misses you.
You hit Duvessa. You burn Duvessa.
Duvessa is heavily wounded.
Duvessa barely misses you. Dowan gestures at you while chanting.
You resist with some effort.
You hit Duvessa but do no damage.
Duvessa is heavily wounded.
Duvessa hits you with a +0 rapier of venom.
You barely miss Duvessa.
Duvessa is heavily wounded.
Duvessa barely misses you.
You hit Duvessa. You burn Duvessa.
Duvessa is severely wounded.
Duvessa says, "Did you see that move?
Perfect!"
Duvessa closely misses you.
Duvessa says, "My weaknesses are his strengths!"
Duvessa hits you with a +0 rapier of venom.
You barely miss Duvessa.
Duvessa is severely wounded.
Dowan hits you but does no damage.
Duvessa hits you with a +0 rapier of venom!
* * * LOW HITPOINT WARNING * * *
You hit Duvessa. You burn Duvessa.
Duvessa is severely wounded.
Duvessa hits you with a +0 rapier of venom!
You die...

#.....# ##_###_## #.
####.....##8...8...8##.
#).......##.........##.
#........#_.........>#.
#........##.........##.
#........##8.$.8..[8##.
#........# ##_###_## #.
#..[..e..## #########.
#..)..@...# #.......
#......e..# #.....[.
###.........# #.......
#...........# ####....
#...........# #....
#.........### #....
#.........# #....
#.........# #....
#.........# #...#


You could see Duvessa (fast) and Dowan.

Vanquished Creatures
  Purgy (Sewer)
  An ogre (D:3)
  A scorpion (D:4)
  A hound (D:4)
  2 jellies (D:4)
  Jessica (D:2)
  3 iguanas
  Ijyb (D:3)
  An orc wizard (D:3)
  A hound skeleton (D:4)
  4 gnolls
  3 adders
  2 river rats (D:3)
  2 worms
  A dart slug (D:3)
  8 orcs
  9 ball pythons
  7 endoplasms
  4 giant cockroaches
  5 goblins
  16 hobgoblins
  12 jackals
  6 kobolds
  4 quokkas
  7 frilled lizards
  9 rats
112 creatures vanquished.

Notes
Turn   | Place    | Note
-------+----------+-------------------------------------------
     0 | D:1      | HoaS the Gargoyle Gladiator began the quest for the Orb.
     0 | D:1      | Reached XP level 1. HP: 12/12 MP: 1/1
     0 | D:1      | Upgraded the game from 0.27-a0-1136-g0b992a5a9d to
                  | 0.27-a0-1137-g3ef0f4ec91
   291 | D:1      | Reached XP level 2. HP: 16/17 MP: 2/2
   419 | D:1      | Reached skill level 4 in Staves
   431 | D:1      | Reached XP level 3. HP: 17/21 MP: 3/3
   932 | D:2      | Found a white marble altar of Elyvilon.
   941 | D:2      | Found a faded altar of an unknown god.
  1120 | D:2      | Noticed Jessica
  1135 | D:2      | Killed Jessica
  1136 | D:2      | Reached skill level 5 in Staves
  1136 | D:2      | Reached XP level 4. HP: 23/26 MP: 4/4
  1500 | D:3      | Found a glowing drain.
  1519 | Sewer    | Entered a sewer
  1567 | Sewer    | Reached XP level 5. HP: 29/30 MP: 5/5
  1609 | Sewer    | Noticed Purgy
  1624 | Sewer    | Killed Purgy
  1625 | Sewer    | Reached skill level 6 in Staves
  1781 | D:3      | Reached XP level 6. HP: 35/35 MP: 6/6
  1829 | D:3      | Noticed Ijyb
  1986 | D:3      | Found a stormy altar of Qazlal.
  2213 | D:3      | Found an opulent altar of Gozag.
  2295 | D:3      | Found Siashuin's Antique Weapon Shop.
  2305 | D:3      | Reached skill level 7 in Staves
  2501 | D:3      | Killed Ijyb
  2632 | D:4      | Found a basalt altar of Yredelemnul.
  2646 | D:4      | Reached XP level 7. HP: 34/40 MP: 7/7
  2679 | D:4      | Found a shimmering altar of Xom.
  2703 | D:4      | Found a shadowy altar of Dithmenos.
  2727 | D:4      | Reached skill level 8 in Staves
  2918 | D:4      | Found a bloodstained altar of Trog.
  3049 | D:4      | Noticed Duvessa
  3380 | D:4      | Found an ancient bone altar of Kikubaaqudgha.
  3413 | D:4      | Noticed Dowan
  3430 | D:4      | Slain by Duvessa

Illustrated notes

Levels and vault maps discovered:
D:1:      dpeg_arrival_erosion, layout_loops_cross
D:2:      layout_loops_ring, ebering_ecumenical_altar_webs, basic_altar,
          uniq_jessica
D:3:      layout_basic, nicolae_gozag_cash_rules_everything_around_me,
          old_standard_altar, serial_shops, shop, gup_sewer_entry_bubbles,
          kennysheep_generic_room_5, uniq_ijyb
D:4:      layout_basic, nicolae_overflow_hidden_temple, uniq_duvessa

Skill      XL: |  1  2  3  4  5  6  7 |
---------------+----------------------+-----
Staves         | 4 5 6 7 8 |  8.8
Fighting       | |  2.1
Throwing       | |  1.7
Dodging        | |  2.4

Action                   |  1- 3 |  4- 6 |  7- 9 || total
-------------------------+-------+-------+-------++-------
Melee: Quarterstaff      |   104 |   152 |    88 ||   344
Throw: Boomerang         |     1 |     4 |       ||     5
       Throwing net      |     1 |     3 |     1 ||     5
  Use: Scroll            |     1 |     7 |     2 ||    10
       Potion            |       |       |     1 ||     1
 Stab: Held in net/web   |       |     1 |       ||     1
Armor: Leather armour    |    27 |    11 |       ||    38
       Troll leather arm |       |    31 |    24 ||    55
Dodge: Dodged            |    52 |    85 |    54 ||   191

Table legend: (Time is in decaauts)
 A = Elapsed time spent in this place.
 B = Non-inter-level travel time spent in this place.
 C = Inter-level travel time spent in this place.
 D = Time resting spent in this place.
 E = Time spent auto-exploring this place.
 F = Levels seen in this place.
 G = Mean time per level.
                   A        B        C        D        E       F      G
               +--------+--------+--------+--------+--------+-----+--------+
         Total |   3470 |   3232 |    238 |    231 |   2114 |   5 |  694.0 |
       Dungeon |   3278 |   3040 |    238 |    190 |   2036 |   4 |  819.5 |
         Sewer |    191 |    191 |      0 |     41 |     77 |   1 |  191.0 |
               +--------+--------+--------+--------+--------+-----+--------+

Top non-repeatable levels by time:
     D:3: 1104 daAuts
     D:1: 891 daAuts
     D:4: 739 daAuts
     D:2: 542 daAuts
   Sewer: 191 daAuts
